 Dungeon Crawl Stone Soup version 0.20-a0-267-g4a7ec2a (webtiles) character file.

130 mopl the Conjurer (level 5, 0/28 HPs)
             Began as a Tengu Conjurer on Dec 6, 2016.
             Slain by Sigmund
             ... wielding a +0 scythe
              (10 damage)
             ... on level 3 of the Dungeon.
             The game lasted 00:05:21 (2731 turns).

mopl the Conjurer (Tengu Conjurer)                  Turns: 2731, Time: 00:05:22

Health: 0/28       AC:  3    Str:  9    XL:     5   Next: 13%
Magic:  6/11       EV: 12    Int: 16    God:
Gold:   56         SH:  0    Dex: 14    Spells: 4/11 levels left

rFire  . . .     SeeInvis .     b - book of Conjurations
rCold  . . .     Gourm    .     a - +0 robe
rNeg   . . .     Faith    .     (no shield)
rPois  .         Spirit   .     (helmet restricted)
rElec  .         Reflect  .     l - +0 cloak
rCorr  .         Harm     .     (no gloves)
MR     .....                    (boots unavailable)
Stlth  ++........               (no amulet)
                                (no ring)
                                i - ring of flight

@: no status effects
A: beak, talons 3, able to fly 1
a: Fly, Evoke Flight


You were on level 3 of the Dungeon.
You were hungry.

You visited 1 branch of the dungeon, and saw 3 of its levels.

You collected 56 gold pieces.

Inventory:

Armour
 a - a +0 robe (worn)
 l - a +0 cloak (worn)
Jewellery
 i - a ring of flight (left hand)
Scrolls
 g - a scroll of enchant weapon {unknown}
 j - a scroll of remove curse {unknown}
 n - a scroll of teleportation {unknown}
 p - a scroll of identify {unknown}
Potions
 e - 2 potions of berserk rage {unknown}
 f - 2 potions of degeneration {unknown}
 h - 2 potions of curing {unknown}
 k - a potion of brilliance {unknown}
 m - a potion of agility {unknown}
 q - a potion of heal wounds {unknown}
 r - a potion of flight {unknown}
 s - a potion of cancellation {unknown}
Books
 b - a book of Conjurations (in hand)

   Spells                             Type                      Level
   a - Magic Dart                     Conjuration                  1
   b - Searing Ray                    Conjuration                  2
   c - Dazzling Spray                 Conjuration/Hexes            3
   d - Fulminant Prism                Conjuration/Hexes            4
   e - Iskenderun's Mystic Blast      Conjuration                  4
   f - Iskenderun's Battlesphere      Conjuration/Charms           5
Comestibles
 c - 2 bread rations
 d - a beef jerky
 o - a slice of pizza
 t - 3 chunks of flesh


   Skills:
 - Level 2.1 Dodging
 - Level 2.0 Stealth
 + Level 3.5 Spellcasting
 + Level 7.0 Conjurations


You had 4 spell levels left.
You knew the following spells:

 Your Spells              Type           Power        Failure   Level  Hunger
a - Magic Dart            Conj           ####         1%          1    None
b - Searing Ray           Conj           ####..       1%          2    ##.....
c - Iskenderun's Mystic   Conj           ####....     12%         4    ####...


Dungeon Overview and Level Annotations

Branches:
Dungeon (3/15)

Altars:

Annotations:
D:3 Sigmund; Xiguana's ghost, amateur DgWz


Innate Abilities, Weirdness & Mutations

You have a beak for a mouth.
You have claws for feet.
You can fly.


Message History

Sigmund is moderately wounded.
Sigmund casts a spell.
Sigmund flickers and vanishes!
Deactivating autopickup; reactivate with Ctrl-A.
No target in view!
A magic dart appears from out of thin air!
The magic dart hits you!
Casting: Magic Dart
Confirm with . or Enter, or press ? or * to list all spells.
Aiming: Searing Ray
Press: ? - help, Shift-Dir - straight line The searing ray hits something.
You are feeling hungry.
Something hits you.
The searing ray hits something.
You hear some strange, mumbled words.
A puff of flame appears from out of thin air!
The puff of flame hits you!
The searing ray hits something.
Something hits you!
You die...

#########.. #.. ##..
#... ## #.#. #. #<#.
#. # #.#.
######.########.##
#(#.
...........@.....#
#.#. ####.#.####.##..#
#.#. #.# #.##..# #...
#.# #.#...########.##
#.# #.#............#
#.# #.#....#######.##
#.# #.#.#.#.######...
#.# #.#..#.........#.
#.####................


There were no monsters in sight!

Vanquished Creatures
  4 adders (D:2)
  3 oozes
  3 worms (D:2)
  4 leopard geckos
  2 ball pythons (D:1)
  6 giant cockroaches
  7 goblins
  8 hobgoblins
  4 jackals (D:1)
  6 kobolds
  A quokka (D:2)
  8 bats
  2 frilled lizards
  9 rats
67 creatures vanquished.

Notes
Turn   | Place    | Note
-------+----------+-------------------------------------------
     0 | D:1      | mopl the Tengu Conjurer began the quest for the Orb.
     0 | D:1      | Reached XP level 1. HP: 10/10 MP: 4/4
   105 | D:1      | Reached XP level 2. HP: 6/15 MP: 0/6
   284 | D:1      | Learned a level 2 spell: Searing Ray
   895 | D:1      | Reached XP level 3. HP: 12/19 MP: 0/8
  1157 | D:1      | Reached skill level 6 in Conjurations
  1546 | D:2      | Reached skill level 3 in Spellcasting
  1546 | D:2      | Reached XP level 4. HP: 24/24 MP: 2/9
  1606 | D:2      | Learned a level 4 spell: Iskenderun's Mystic Blast
  2303 | D:2      | Gained mutation: You can fly. [Tengu growth]
  2303 | D:2      | Reached XP level 5. HP: 28/28 MP: 2/11
  2493 | D:3      | Noticed Xiguana's ghost (amateur DgWz)
  2682 | D:3      | Reached skill level 7 in Conjurations
  2718 | D:3      | Noticed Sigmund
  2731 | D:3      | Slain by Sigmund

Vault maps used:
D:1:      dpeg_arrival_pond, minmay_pentomino_s4
D:3:      fiery_altar_vehumet, lemuel_coloured_pillars_altar, uniq_sigmund

Skill      XL: |  1  2  3  4  5 |
---------------+----------------+-----
Conjurations   | 6 7 |  7.0
Spellcasting   | 3 |  3.5
Dodging        | |  2.1
Stealth        | |  2.0

Action                   |  1- 3 |  4- 6 || total
-------------------------+-------+-------++-------
 Cast: Magic Dart        |    92 |    66 ||   158
       Searing Ray       |       |     4 ||     4
  Eat: Chunk             |     3 |     3 ||     6
Armor: Robe              |    19 |     3 ||    22
Dodge: Dodged            |    51 |     1 ||    52
